 Dungeon Crawl Stone Soup version 0.30-a0-279-g4b46babb21 (webtiles) character file.

Game seed: 3296554019653735919

634 hikkokomori the Trooper (level 7, -8/45 HPs)
             Began as a Tengu Hunter on Oct 17, 2022.
             Mangled by Duvessa
             ... wielding a +0 short sword
              (16 damage)
             ... on level 5 of the Dungeon.
             The game lasted 00:05:34 (2176 turns).

hikkokomori the Trooper (Tengu Hunter)              Turns: 2176, Time: 00:05:34

Health: -8/45      AC:  5    Str: 10    XL:     7   Next: 49%
Magic:  8/8        EV: 16    Int: 13    God:
Gold:   170        SH:  0    Dex: 19    Spells: 6/6 levels left

rFire   . . .      SeeInvis .    a - +0 shortbow
rCold   . . .      Faith    .    (shield currently unavailable)
rNeg    . . .      Spirit   .    c - +0 leather armour
rPois   .          Reflect  .    (helmet restricted)
rElec   .          Harm     .    (no cloak)
rCorr   .          Rampage  .    (no gloves)
Will    .....                    (boots unavailable)
Stlth   +++.......               (no amulet)
HPRegen 0.27/turn                (no ring)
MPRegen 0.11/turn                (no ring)

@: flying quickly and evasively, quick
A: beak, talons 3, nimble flight, iridescent scales 1, clever 1
a: no special abilities


You were on level 5 of the Dungeon.
You visited 1 branch of the dungeon, and saw 5 of its levels.

You collected 170 gold pieces.

Inventory:

Hand Weapons
 a - a +0 shortbow (weapon)
 f - a +0 trident
 j - a +0 morningstar
 p - a +0 rapier
Armour
 c - a +0 leather armour (worn)
 h - a +0 leather armour
Jewellery
 d - a ring of ice
 e - a ring of fire
Scrolls
 b - a scroll of immolation
 m - a scroll of identify
Potions
 g - 2 potions of flight {unknown}
 i - a potion of cancellation {unknown}
 k - a potion of magic
 l - a potion of mutation
 n - a potion of heal wounds
 o - 2 potions of berserk rage {unknown}
 r - a potion of curing {unknown}


   Skills:
 * Level 5.9 Fighting
 - Level 4.3 Ranged Weapons
 + Level 4.7 Dodging
 + Level 4.2 Stealth


You had 6 spell levels left.
You didn't know any spells.
Your spell library was empty.

Dungeon Overview and Level Annotations

Branches:
Dungeon (6/15)
 Temple: D:4-7

Altars:
Fedhas
Nemelex Xobeh
Qazlal
Vehumet

Annotations:
D:5 Duvessa


Innate Abilities, Weirdness & Mutations

You have a beak for a mouth.
You have claws for feet.
Your magical nature lets you fly swiftly and evasively.
You are partially covered in iridescent scales. (AC +2)
Your mind is acute. (Int +4, Str/Dex -1)


Message History

Really fire in your white imp's direction? [Y]es or [N]o only, please.
Really fire in your white imp's direction? [Y]es or [N]o only, please.
Really fire in your white imp's direction?
Okay, then.
Your white imp dissolves into shadows!
You shoot an arrow. The arrow hits Duvessa.
Duvessa is moderately wounded.
Duvessa closely misses you. Duvessa hits you with a +0 short sword!
You shoot an arrow. The arrow hits Duvessa!
Duvessa is heavily wounded.
Duvessa closely misses you. x2
You shoot an arrow. The arrow closely misses Duvessa.
Duvessa barely misses you. Duvessa closely misses you.
You shoot an arrow. The arrow hits Duvessa!
Duvessa is severely wounded.
Duvessa hits you with a +0 short sword. Duvessa closely misses you.
You shoot an arrow. The arrow closely misses Duvessa.
Duvessa barely misses you. Duvessa misses you.
You shoot an arrow.
The arrow hits Duvessa but does no damage.
Duvessa is severely wounded.
Duvessa misses you. Duvessa hits you with a +0 short sword!
You are too injured to fight recklessly!
You are too injured to fight recklessly!
Fire: a) +0 shortbow
Press: ? - help, Q - select action Shift-Dir - straight line, f/p - Duvessa
Aim: Duvessa, wielding a +0 short sword, wearing a +0 leather armour and carrying a wand of flame (18) (severely wounded, berserk, 69% to hit)
You shoot an arrow. The arrow closely misses Duvessa.
Duvessa hits you with a +0 short sword. x2
Unknown command.
Fire: a) +0 shortbow
Press: ? - help, Q - select action Shift-Dir - straight line, f/p - Duvessa
Aim: Duvessa, wielding a +0 short sword, wearing a +0 leather armour and carrying a wand of flame (18) (severely wounded, berserk, 69% to hit)
You shoot an arrow. The arrow closely misses Duvessa.
Duvessa hits you with a +0 short sword!
* * * LOW HITPOINT WARNING * * *
Duvessa hits you with a +0 short sword!
You die...

. .................# #
##................#
###.........>.......# ##
..................>.##..
........................
..$.#............).....#
....#..................#
........................
.#..............@e......
###................<....
#...).................
....#...................
...##......^##..........
...........##......#....
............#..##..#....
.........#.....# .## ...
.....#..###...## .. ..


You could see Duvessa (berserk).

Vanquished Creatures
  An ice beast (D:5)
  A howler monkey (D:5)
  2 hounds
  A jelly (D:5)
  Natasha (thrice) (D:2)
  An iguana (D:5)
  7 gnolls (D:2)
  An adder (D:6)
  A white imp (D:6)
  2 ufetubi
  A worm (D:2)
  6 dart slugs
  3 orcs
  2 ball pythons
  8 endoplasms
  3 giant cockroaches
  2 goblins (D:1)
  5 hobgoblins
  3 jackals (D:2)
  A quokka (D:1)
  5 bats
  3 frilled lizards (D:2)
  2 kobolds
  2 rats
66 creatures vanquished.

Vanquished Creatures (collateral kills)
  An ice beast (D:5)
  Dowan (D:5)
  An adder (D:5)
  A quokka (D:5)
4 creatures vanquished.

Grand Total: 70 creatures vanquished

Notes
Turn   | Place    | Note
-------+----------+-------------------------------------------
     0 | D:1      | hikkokomori the Tengu Hunter began the quest for the Orb.
     0 | D:1      | Reached XP level 1. HP: 12/12 MP: 2/2
    38 | D:1      | Reached XP level 2. HP: 17/18 MP: 3/3
   171 | D:1      | Reached XP level 3. HP: 22/22 MP: 4/4
   511 | D:2      | Reached skill level 3 in Fighting
   589 | D:2      | Reached XP level 4. HP: 19/28 MP: 5/5
   685 | D:2      | Noticed Natasha
   688 | D:2      | Killed Natasha
   764 | D:2      | Gained mutation: Your magical nature lets you fly swiftly
                  | and evasively. [Tengu growth]
   764 | D:2      | Reached XP level 5. HP: 19/33 MP: 6/6
   770 | D:2      | Reached skill level 4 in Fighting
  1044 | D:2      | Noticed Natasha
  1050 | D:2      | Killed Natasha
  1050 | D:2      | Noticed Natasha
  1058 | D:2      | Killed Natasha
  1478 | D:3      | You are sucked into a shaft and drop 3 floors!
  1489 | D:6      | Reached XP level 6. HP: 39/39 MP: 7/7
  1625 | D:6      | Found a sparkling altar of Nemelex Xobeh.
  1626 | D:6      | Found a stormy altar of Qazlal.
  1627 | D:6      | Found a radiant altar of Vehumet.
  1685 | D:5      | Entered Level 5 of the Dungeon
  1690 | D:5      | Noticed Duvessa
  1690 | D:5      | Noticed Dowan
  1693 | D:5      | Gained mutation: You have hidden genetic defects. [potion
                  | of mutation]
  1693 | D:5      | Gained mutation: Your mind is acute. (Int +4, Str/Dex -1)
                  | [potion of mutation]
  1901 | D:6      | Noticed a black bear
  1928 | D:5      | Found a blossoming altar of Fedhas.
  1940 | D:5      | Gained mutation: You have terrible hidden genetic defects.
                  | [hidden defects]
  1953 | D:5      | Reached skill level 5 in Fighting
  1953 | D:5      | Lost mutation: Your mind is acute. (Int +4, Str/Dex -1)
                  | [potion of mutation]
  1953 | D:5      | Lost mutation: You have terrible hidden genetic defects.
                  | [potion of mutation]
  1953 | D:5      | Lost mutation: You have hidden genetic defects. [potion of
                  | mutation]
  1953 | D:5      | Gained mutation: Your mind is acute. (Int +4, Str/Dex -1)
                  | [potion of mutation]
  1953 | D:5      | Gained mutation: You are partially covered in iridescent
                  | scales. (AC +2) [potion of mutation]
  2086 | D:5      | Noticed an ice beast
  2111 | D:5      | Noticed an ice beast
  2122 | D:5      | Killed an ice beast
  2123 | D:5      | Reached XP level 7. HP: 33/44 MP: 8/8
  2165 | D:5      | Killed Dowan
  2176 | D:5      | Mangled by Duvessa

Illustrated notes

Levels and vault maps discovered:
D:1:      mushboom_english_gardens, layout_rooms
D:2:      layout_loops_ring, minmay_tetromino_o2, uniq_natasha
D:3:      layout_loops_ring, lemuel_tele_altar, uniq_grinder
D:5:      layout_cave_pools, mainiacjoe_overflow_catwalk, lemuel_round_altar,
          minmay_temple_entry_enclosed_plants, uniq_duvessa
D:6:      layout_loops_cross, chequers_temple_overflow_statue_of_worship,
          minivault_24, kennysheep_generic_room_13

Skill      XL: |  1  2  3  4  5  6  7 |
---------------+----------------------+-----
Fighting       | 3 4 5 |  5.9
Stealth        | 2 3 4 |  4.2
Dodging        | 3 4 |  4.7
Ranged Weapons | |  4.3

Action                   |  1- 3 |  4- 6 |  7- 9 || total
-------------------------+-------+-------+-------++-------
 Fire: Shortbow          |    81 |   138 |    21 ||   240
  Use: Scroll            |       |     7 |       ||     7
       Potion            |       |     4 |       ||     4
Armor: Leather armour    |     5 |     9 |       ||    14
Dodge: Dodged            |    21 |    63 |    10 ||    94

Table legend: (Time is in decaauts)
 A = Elapsed time spent in this place.
 B = Non-inter-level travel time spent in this place.
 C = Inter-level travel time spent in this place.
 D = Time resting spent in this place.
 E = Time spent auto-exploring this place.
 F = Levels seen in this place.
 G = Mean time per level.
                   A        B        C        D        E       F      G
               +--------+--------+--------+--------+--------+-----+--------+
         Total |   2171 |   2113 |     58 |    255 |   1317 |   5 |  434.2 |
       Dungeon |   2171 |   2113 |     58 |    255 |   1317 |   5 |  434.2 |
               +--------+--------+--------+--------+--------+-----+--------+

Top non-repeatable levels by time:
     D:2: 914 daAuts
     D:1: 492 daAuts
     D:6: 398 daAuts
     D:5: 287 daAuts
     D:3: 79 daAuts
